 Dungeon Crawl Stone Soup version 0.27.0-1-g7a089689b8 (webtiles) character file.

Game seed: 11219042976453830645

18 kobby the Sneak (level 2, 0/22 HPs)
             Began as a Vampire Brigand on Aug 13, 2021.
             Slain by Terence (4 damage)
             ... on level 1 of the Dungeon.
             The game lasted 00:01:54 (818 turns).

kobby the Sneak (Vampire Brigand)                    Turns: 818, Time: 00:01:55

Health: 0/22       AC:  4    Str: 10    XL:     2   Next: 48%
Magic:  2/2        EV: 11    Int: 13    God:
Gold:   58         SH:  0    Dex: 15    Spells: 1/1 levels left

rFire    . . .     SeeInvis +   a - +2 dagger
rCold    . . .     Faith    .   (no shield)
rNeg     . . .     Spirit   .   j - +0 leather armour
rPois    .         Reflect  .   (no helmet)
rElec    .         Harm     .   c - +0 cloak
rCorr    .         Rampage  .   (no gloves)
Will     .....                  (no boots)
Stlth    +++.......             (no amulet)
HPRegen  0.27/turn              (no ring)
MPRegen  0.08/turn              (no ring)

@: healing quickly
A: alive, fangs 3, see invisible, vampiric 1
a: Exsanguinate


You were on level 1 of the Dungeon.
You visited 1 branch of the dungeon, and saw 2 of its levels.

You collected 58 gold pieces.

Inventory:

Hand Weapons
 a - a +2 dagger (weapon)
Missiles
 d - 8 poisoned darts (quivered)
 e - 2 curare-tipped darts
Armour
 b - a +0 robe
 c - a +0 cloak (worn)
 j - a +0 leather armour (worn)
Jewellery
 f - a ring of poison resistance
Scrolls
 h - a scroll of vulnerability
Potions
 k - a potion of attraction
 l - a potion of brilliance {unknown}


   Skills:
 + Level 1.8 Fighting
 + Level 2.3 Short Blades
 + Level 1.5 Throwing
 + Level 1.1 Dodging
 + Level 6.9 Stealth


You had one spell level left.
You didn't know any spells.
Your spell library was empty.

Dungeon Overview and Level Annotations

Branches:
Dungeon (2/15)

Altars:
Uskayaw

Annotations:
D:1 Terence


Innate Abilities, Weirdness & Mutations

Your natural rate of healing is accelerated.
You have razor-sharp teeth.
You have supernaturally acute eyesight. (SInv)
You are afflicted with vampirism.


Message History

No target in view!
As you read the scroll labelled COYMOU RIPHAUTT, it crumbles to dust.
It is a scroll of identify.
k - a potion of attraction
As you read the scroll labelled PIEM ZYMUYNAIFIG, it crumbles to dust.
Magic quickly surges around you.
It was a scroll of vulnerability.
As you read the scroll labelled JEEMPEOPEAS, it crumbles to dust.
The scroll dissolves into smoke.
It was a scroll of fog.
As you read the scroll labelled FUQ OLOURYIBAA, it crumbles to dust.
You feel strangely unstable.
It was a scroll of teleportation.
Your surroundings suddenly seem different.
There is an open door here.
You open the door.
There is an open door here.
Done exploring.
Done exploring.
You feel your willpower return.
You see here a rat corpse.
There is a stone staircase leading down here.
You climb downwards.
Found a ring mail and a plate armour.
Found a hide-covered altar of Uskayaw.
Found a stone staircase leading down.
There is a stone staircase leading up here.
Found a whip.
Terence the Incautious comes into view.
He is wielding a +2 hand axe of electrocution.
Found a stone staircase leading up.
A rat comes into view.
Terence shouts!
Terence drinks a potion.
Terence goes berserk!
Okay, then.
Okay, then.
Terence hits you with a +2 hand axe of electrocution!
There is a stone staircase leading up here.
Terence hits you with a +2 hand axe of electrocution.
You climb upwards.
There is a stone staircase leading down here.
Terence hits you with a +2 hand axe of electrocution.
* * * LOW HITPOINT WARNING * * *
Terence hits you with a +2 hand axe of electrocution.
You die...

###########
#.........#
####.........######
...'............@>#
####.........####@#
#.........####.#
#...........##.#
############
#...........##.#
#..........#
#...........##.#
#.########.#
######'#######†#
#.# #.# #.# ###.#
#.# #.# #.# #...#
#.# #.#


You could see Terence (berserk).

Vanquished Creatures
  A ball python (D:1)
  A bat (D:1)
  4 endoplasms (D:1)
  A giant cockroach (D:1)
  2 goblins (D:1)
  A hobgoblin (D:1)
  2 quokkas (D:1)
  2 rats (D:1)
14 creatures vanquished.

Notes
Turn   | Place    | Note
-------+----------+-------------------------------------------
     0 | D:1      | kobby the Vampire Brigand began the quest for the Orb.
     0 | D:1      | Reached XP level 1. HP: 16/16 MP: 1/1
    17 | D:1      | Reached skill level 6 in Stealth
   211 | D:1      | Reached XP level 2. HP: 22/22 MP: 2/2
   801 | D:2      | Found a hide-covered altar of Uskayaw.
   803 | D:2      | Noticed Terence
   818 | D:1      | Slain by Terence

Illustrated notes

Levels and vault maps discovered:
D:1:      heliophobic_arrival_henge, layout_basic
D:2:      minmay_inner_zag, layout_basic, basic_altar,
          chequers_serial_rivers_micro_d, lemuel_old_faithful, uniq_terence

Skill      XL: |  1 |
---------------+----+-----
Stealth        | 6 |  6.9
Fighting       | |  1.8
Short Blades   | |  2.3
Throwing       | |  1.5
Dodging        | |  1.1

Action                   || total
-------------------------++-------
Melee: Dagger            ||    28
       Bite              ||     3
  Use: Scroll            ||     4
 Stab: Sleeping          ||     6
Armor: Robe              ||     5
       Leather armour    ||     2
Dodge: Dodged            ||    12
